 Dungeon Crawl Stone Soup version 0.31.0-12-g77e489cdc1 (webtiles) character file.

Game seed: 17894841571040846584

14 Silvore the Trooper (level 2, -4/24 HPs)
             Began as a Demonspawn Fighter on Feb 12, 2024.
             Frozen to death by an endoplasm (5 damage)
             ... on level 1 of the Dungeon.
             The game lasted 00:00:40 (534 turns).

Silvore the Trooper (Demonspawn Fighter)             Turns: 534, Time: 00:00:41

Health: -4/24      AC:  6    Str: 16    XL:     2   Next: 31%
Magic:  2/2        EV:  8    Int:  8    God:
Gold:   44         SH:  4    Dex: 12    Spells: 1/1 levels left

rFire   . . .        a - +0 long sword
rCold   . . .        c - +0 buckler
rNeg    . . .        b - +0 scale mail
rPois   .            (no helmet)
rElec   .            (no cloak)
rCorr   .            (no gloves)
SInv    .            (no boots)
Will    .....        (no amulet) Stlth
                     f - ring of flight
HPRegen 0.24/turn    (no ring)
MPRegen 0.08/turn

%: no passive effects
@: flying
A: demonic guardian 1
a: no special abilities


You were on level 1 of the Dungeon.
You visited 1 branch of the dungeon, and saw 1 of its levels.

You collected 44 gold pieces.

Inventory:

Hand Weapons
 a - a +0 long sword (weapon)
Armour
 b - a +0 scale mail (worn)
 c - a +0 buckler (worn)
Jewellery
 f - a ring of flight (left hand)
Scrolls
 g - a scroll of fog {unknown}
 h - a scroll of blinking {unknown}
Potions
 d - a potion of might
 e - a potion of magic {unknown}
 i - a potion of mutation {unknown}


   Skills:
 + Level 3.2 Fighting
 + Level 1.8 Long Blades
 + Level 2.8 Armour
 + Level 0.2 Stealth
 + Level 3.0 Shields


You had one spell level left.
You didn't know any spells.
Your spell library contained the following spells:

 Spells                   Type           Power      Damage    Failure   Level
 Slow                     Hex            0%         N/A       90%         1
 Confusing Touch          Hex            0%         N/A       99%         3
 Sigil of Binding         Hex            0%         N/A       99%         3
 Vampiric Draining        Necr           0%         2d6       99%         3


Dungeon Overview and Level Annotations

Branches:
Dungeon (1/15)

Altars:

Shops:
D:1 :


Innate Abilities, Weirdness & Mutations

A weak demonic guardian rushes to your aid.


Message History

The endoplasm barely misses you. The endoplasm barely misses you.
The endoplasm barely misses you. The endoplasm freezes you.
You are frozen.
You block the endoplasm's attack. You block the endoplasm's attack.
The endoplasm hits you but does no damage.
The endoplasm freezes you.
You are frozen.
The endoplasm barely misses you. The endoplasm freezes you.
You are frozen.
The endoplasm barely misses you. The endoplasm barely misses you.
The endoplasm hits you but does no damage.
You block the endoplasm's attack. You block the endoplasm's attack.
The endoplasm freezes you.
You are frozen.
The endoplasm freezes you.
You are frozen.
The endoplasm freezes you.
You are frozen.
* * * LOW HITPOINT WARNING * * *
The endoplasm hits you but does no damage.
The endoplasm freezes you.
You are frozen.
* * * LOW HITPOINT WARNING * * *
The endoplasm freezes you.
You are frozen.
* * * LOW HITPOINT WARNING * * *
The endoplasm misses you. The endoplasm freezes you.
You are frozen.
* * * LOW HITPOINT WARNING * * *
A demonic guardian appears!
The endoplasm freezes you.
You are frozen.
You die...

.........#
####...
.........#
#....).
.........#
#......
.####....#
#......
######.##
#....## +.#
#.# #....#
#.# .# #....#
#.###.8..
######
#@J......
#5##.?... #.#
... #.# รท
#.# #.#
##'####
#.....#######
#.......#...#


You could see an endoplasm (ally target) and a friendly ufetubus (summoned).

Vanquished Creatures
  A ball python (D:1)
  3 bats (D:1)
  2 giant cockroaches (D:1)
  A hobgoblin (D:1)
  A frilled lizard (D:1)
  4 kobolds (D:1)
12 creatures vanquished.

Notes
Turn   | Place    | Note
-------+----------+-------------------------------------------
     0 | D:1      | Silvore the Demonspawn Fighter began the quest for the Orb.
     0 | D:1      | Reached XP level 1. HP: 18/18 MP: 1/1
    38 | D:1      | Found Asef's Book Shop.
   229 | D:1      | Gained mutation: A weak demonic guardian rushes to your
                  | aid. [demonic ancestry]
   229 | D:1      | Reached XP level 2. HP: 24/24 MP: 2/2
   533 | D:1      | HP: 1/24 [frozen (5)]
   534 | D:1      | Frozen to death by an endoplasm

Illustrated notes

Levels and vault maps discovered:
D:1:      tarquinn_simple_flora_water_f, layout_basic,
          shapermc_ecumenical_altar_pompeii, serial_shops, shop,
          chequers_serial_rivers_micro_c, nicolae_the_louvre

Skill      XL: |  1  2 |
---------------+-------+-----
Shields        | 3 |  3.0
Fighting       | |  3.2
Long Blades    | |  1.8
Armour         | |  2.8
Stealth        | |  0.2

Action                     || total
---------------------------++-------
  Melee: Long sword        ||    54
 Armour: Scale mail        ||    56
  Dodge: Dodged            ||    36
  Block: Buckler           ||    24
